 Dungeon Crawl Stone Soup version 0.31.0-12-g77e489cdc1 (webtiles) character file.

Game seed: 6726463149974891982

23488 Tovical the Zephyrmancer (level 13, -2/130 HPs)
             Began as a Tengu Air Elementalist on Mar 5, 2024.
             Was an Elder of Vehumet.
             Slain by an orc high priest
             ... wielding a +1 glaive of venom
              (7 damage)
             ... on level 2 of the Orcish Mines.
             The game lasted 01:46:39 (16969 turns).

Tovical the Zephyrmancer (Tengu Air Elementalist)  Turns: 16969, Time: 01:46:39

Health: -2/130     AC:  7    Str: 14    XL:     13   Next: 7%
Magic:  21/29      EV: 17    Int: 18    God:    Vehumet [****..]
Gold:   1178       SH:  0    Dex: 20    Spells: 9/34 levels left

rFire   . . .        m - +12 lajatang of the Skies Above {freeze, rCorr Str+4 Int-2 SInv}
rCold   + . .        (shield currently unavailable)
rNeg    . . .        s - +2 robe {rC+}
rPois   +            y - +1 hat
rElec   .            f - +0 cloak
rCorr   +            v - +0 pair of gloves
SInv    +            (boots unavailable)
Will    .....        (no amulet) Stlth
                     h - +6 ring of dexterity
HPRegen 0.41/turn    G - ring of poison resistance
MPRegen 0.21/turn

%: acrobat
@: berserking, silenced, flying, very quick
A: beak, talons 3, evasive flight, acrobatic
a: Renounce Religion


You were on level 2 of the Orcish Mines.
You worshipped Vehumet.
Vehumet was greatly pleased with you.
You visited 4 branches of the dungeon, and saw 16 of its levels.

You collected 1412 gold pieces.
You spent 234 gold pieces at shops.

Inventory:

Hand Weapons
 d - a +4 falchion of flaming
 e - a +4 quarterstaff of chaos
 m - the +12 lajatang of the Skies Above (weapon) {freeze, rCorr Str+4 Int-2 SInv}
   (You found it on level 6 of the Dungeon)

   Str+4:     It affects your strength (+4).
   Int-2:     It affects your intelligence (-2).
   SInv:      It lets you see invisible.
   rCorr:     It protects you from acid and corrosion.
 o - a +4 scimitar of freezing
 z - the +1 hand axe "Caugaugo" {vamp, rN+ rCorr Stlth-}
   (You found it on level 8 of the Dungeon)

   rN+:       It protects you from negative energy.
   rCorr:     It protects you from acid and corrosion.
   Stlth-:    It makes you less stealthy.
Missiles
 u - a curare-tipped dart
 B - 3 atropa-tipped darts
Armour
 f - a +0 cloak (worn)
 j - the +5 chain mail "Agagul" {rPois Dex+4}
   (You found it on level 3 of the Dungeon)

   Dex+4:     It affects your dexterity (+4).
   rPois:     It protects you from poison
 k - a scarf of invisibility
 p - +0 acid dragon scales
 r - a +0 robe of fire resistance
 s - a +2 robe of cold resistance (worn)
 v - a +0 pair of gloves (worn)
 y - a +1 hat (worn)
Jewellery
 h - a +6 ring of dexterity (left hand)
 t - a ring of ice
 D - a ring of ice
 E - a +6 ring of intelligence
 G - a ring of poison resistance (right hand)
Wands
 c - a wand of mindburst (10)
 l - a wand of paralysis (17)
 C - a wand of roots (9)
 H - a wand of light (5)
Scrolls
 i - 2 scrolls of revelation
 n - a scroll of fog
 A - a scroll of enchant weapon
Potions
 a - a potion of resistance {unknown}
 b - a potion of magic
 g - 7 potions of curing
 q - 2 potions of berserk rage
 F - 2 potions of enlightenment {unknown}


   Skills:
 + Level 12.3 Fighting
 - Level 2.5 Dodging
 - Level 2.0 Stealth
 + Level 11.4 Spellcasting
 - Level 6.0 Conjurations
 - Level 6.0 Summonings
 + Level 14.8 Air Magic


You had 9 spell levels left.
You knew the following spells:

 Your Spells              Type           Power      Damage    Failure   Level
a - Shock                 Conj/Air       100%       1d9       1%          1
b - Swiftness             Air            59%        N/A       1%          3
c - Static Discharge      Conj/Air       94%        3-7/arc   1%          2
d - Airstrike             Air            29%        2d(5-21)  1%          4
e - Summon Lightning Spi  Summ/Air       47%        N/A       1%          4
f - Sting                 Conj/Alch      84%        1d8       1%          1
g - Magic Dart            Conj           100%       1d8       1%          1
h - Conjure Ball Lightni  Conj/Air       23%        3x3d6     4%          6
i - Dazzling Flash        Conj/Hex       42%        N/A       1%          3

Your spell library contained the following spells:

 Spells                   Type           Power      Damage    Failure   Level
 Olgreb's Toxic Radiance  Alch           10%        N/A       17%         4
 Kiss of Death            Conj/Necr      84%        2d11      1%          1
 Silence                  Hex/Air        18%        N/A       9%          5
 Sublimation of Blood     Necr           10%        N/A       11%         2
 Irradiate                Conj/Alch      10%        3d15      16%         5
 Confusing Touch          Hex            10%        N/A       21%         3
 Dispel Undead            Necr           10%        3d9       56%         4
 Petrify                  Alch/Erth      10%        N/A       56%         4
 Fire Storm               Conj/Fire      10%        8d3       100%        9


Dungeon Overview and Level Annotations

Branches:
Dungeon (12/15)            Temple (1/1) D:7            Lair (1/5) D:9
    Orc (2/2) D:10
    Elf: Orc:2

Altars:
Ashenzari
Cheibriados
Dithmenos
Elyvilon
Fedhas
Gozag
Hepliaklqana
Kikubaaqudgha
Makhleb
Nemelex Xobeh
Okawaru
Qazlal
Ru
Sif Muna
Trog
Uskayaw
Vehumet
Wu Jian
Xom
Yredelemnul
Zin
The Shining One

Shops:
D:1 [   D:5 *   D:7 ![(*   D:11 (!


Innate Abilities, Weirdness & Mutations

You have a beak for a mouth.
You have claws for feet.
Your magical flight helps you evade attacks. (EV +4)
You can magically evade attacks while moving or waiting.


Message History

The orc wizard attacks as it pursues you!
The orc wizard misses you.
Magic scrolls do not work when you're silenced!
You feel better.
The orc wizard hits you with a +0 dagger.
* * * LOW HITPOINT WARNING * * *
The orc priest misses you.
The orc high priest hits you but does no damage.
The orc priest hits you with a +0 dagger.
* * * LOW HITPOINT WARNING * * *
The orc priest closely misses you.
You feel better.
The orc wizard hits you but does no damage.
The orc priest misses you.
The orc high priest completely misses you.
The orc priest hits you with a +0 dagger.
You feel better.
The orc priest calls upon Beogh to heal the orc high priest.
The orc high priest's wounds heal themselves!
The orc wizard barely misses you. The orc priest closely misses you.
The orc high priest barely misses you. The orc priest closely misses you.
The orc warrior misses you.
The orc warrior hits you with a +0 flail!
* * * LOW HITPOINT WARNING * * *
You feel better. The sun demon completely misses you.
The orc high priest hits you from afar with a +1 glaive of venom!
* * * LOW HITPOINT WARNING * * *
The orc warrior hits you from afar with a +0 trident.
* * * LOW HITPOINT WARNING * * *
The orc priest hits you but does no damage.
The orc warrior hits you with a +0 flail!
* * * LOW HITPOINT WARNING * * *
Okay, then.
Magic scrolls do not work when you're silenced!
A red film seems to cover your vision as you go berserk!
You feel yourself moving faster!
You feel mighty! The sun demon closely misses you.
The orc wizard completely misses you.
The orc priest hits you but does no damage.
The orc high priest hits you from afar with a +1 glaive of venom!
You die...

#....8...#
#........#
#........#
##......##
##.....##
###o....##
####..oo..##
##...3oo..##
#....o@o.##
........o##
........##
8.....###
....## ...#
... 8. ##


You could see an orc high priest, a sun demon (summoned), 2 orc warriors, 4 orc
priests and an orc wizard.

Vanquished Creatures
  Gastronok (D:8)
  An orc warlord (Orc:2)
  Fannar (D:12)
  3 two-headed ogres
  2 occultists (D:11)
  An obsidian statue (D:8)
  A deep elf pyromancer (D:11)
  2 orc sorcerers (Orc:1)
  A cyclops (D:11)
  Joseph (D:10)
  A black mamba (D:9)
  4 kobold blastminers (Orc:2)
  An ice statue (D:8)
  2 elephants
  2 unseen horrors (D:10)
  2 trolls
  Grinder (D:6)
  5 yaks (D:10)
  A shadow (D:11)
  A fire elemental (D:11)
  A wraith (D:11)
  Grum (D:8)
  2 wargs (Orc:2)
  2 steam dragons (D:6)
  2 acid dragons
  2 water moccasins (D:7)
  11 orc warriors
  3 black bears
  2 ice beasts
  6 centaurs
  5 ogres
  3 wolves (D:8)
  A kobold brigand (D:7)
  2 phantoms
  An elf zombie (D:6)
  2 bullfrogs
  A scorpion (D:6)
  A hornet simulacrum (D:9)
  7 wights
  6 killer bees
  3 howler monkeys
  A bombardier beetle (D:5)
  7 orc priests
  2 human zombies (D:6)
  A jelly (D:5)
  Crazy Yiuf (D:3)
  3 hounds
  A sleepcap (D:6)
  Jessica (D:3)
  6 iguanas
  Natasha (thrice) (D:3)
  15 orc wizards
  A killer bee zombie (D:6)
  2 ogre zombies (D:6)
  4 hound zombies (D:6)
  4 howler monkey zombies (D:6)
  3 gnolls
  9 adders
  A shadow imp (D:5)
  2 white imps
  4 ufetubi (D:5)
  An adder zombie (D:6)
  2 dart slugs
  2 ribbon worms
  60 orcs
  4 ball pythons
  5 bats
  4 endoplasms
  2 giant cockroaches
  8 goblins
  6 hobgoblins
  5 quokkas
  A frilled lizard (D:1)
  11 kobolds
  6 rats
286 creatures vanquished.

Vanquished Creatures (collateral kills)
  A centaur warrior (D:9)
  2 kobold blastminers (Orc:2)
  Psyche (D:10)
  3 wraiths
  A wyvern (D:9)
  5 yaks (D:10)
  An acid dragon (D:9)
  6 orc warriors
  An ogre (Orc:1)
  2 centaurs
  7 wights
  2 killer bees (D:8)
  A gnoll bouda (D:9)
  An orc priest (Orc:1)
  3 orc wizards
  4 gnolls (D:9)
  A shadow imp (D:7)
  2 ufetubi (D:7)
  14 orcs
  A kobold (D:7)
59 creatures vanquished.

Vanquished Creatures (others)
  6 ball lightnings
6 creatures vanquished.

Grand Total: 351 creatures vanquished

Notes
Turn   | Place    | Note
-------+----------+-------------------------------------------
     0 | D:1      | Tovical the Tengu Air Elementalist began the quest for the
                  | Orb.
     0 | D:1      | Reached XP level 1. HP: 10/10 MP: 4/4
    70 | D:1      | Reached XP level 2. HP: 16/16 MP: 0/6
   253 | D:1      | Found Ischoblipt's Armour Emporium.
   276 | D:1      | Reached skill level 1 in Fighting
   482 | D:1      | Reached XP level 3. HP: 20/20 MP: 7/7
   747 | D:1      | Found a faded altar of an unknown god.
  1196 | D:2      | Reached XP level 4. HP: 26/26 MP: 7/9
  2031 | D:3      | Reached skill level 5 in Air Magic
  2130 | D:3      | Noticed Natasha
  2133 | D:3      | Killed Natasha
  2134 | D:3      | Reached XP level 5. HP: 31/31 MP: 10/10
  2148 | D:3      | Found a runed translucent door.
  2149 | D:3      | Noticed Crazy Yiuf
  2163 | D:3      | Killed Crazy Yiuf
  2238 | D:3      | Noticed Natasha
  2244 | D:3      | Killed Natasha
  2386 | D:3      | Noticed Jessica
  2390 | D:3      | Killed Jessica
  2434 | D:3      | Found a shimmering blue altar of Sif Muna.
  2495 | D:3      | Identified the +5 chain mail "Agagul" {rPois Dex+4}
  2518 | D:3      | Reached XP level 6. HP: 37/37 MP: 7/12
  2879 | D:3      | Found a snail-covered altar of Cheibriados.
  2903 | D:3      | Found a hazy altar of Hepliaklqana.
  2904 | D:3      | Noticed Natasha
  2910 | D:3      | Killed Natasha
  2911 | D:3      | Reached skill level 6 in Air Magic
  3200 | D:5      | Entered Level 5 of the Dungeon
  3374 | D:4      | Noticed a black bear
  3768 | D:4      | Noticed a black bear
  3886 | D:5      | Gained mutation: Your magical flight helps you evade
                  | attacks. (EV +4) [Tengu growth]
  3886 | D:5      | Reached XP level 7. HP: 35/42 MP: 6/14
  4131 | D:4      | Found a burning altar of Makhleb.
  4204 | D:4      | Reached skill level 7 in Air Magic
  4684 | D:5      | You are sucked into a shaft and drop 1 floor!
  4748 | D:6      | Noticed a steam dragon
  4767 | D:6      | Killed a steam dragon
  4768 | D:6      | Reached skill level 5 in Fighting
  4768 | D:6      | Reached skill level 5 in Spellcasting
  4768 | D:6      | Reached XP level 8. HP: 17/49 MP: 9/16
  5009 | D:5      | Found a basalt altar of Yredelemnul.
  5034 | D:5      | Reached skill level 8 in Air Magic
  5082 | D:5      | Learned a level 3 spell: Swiftness
  5085 | D:5      | Learned a level 2 spell: Static Discharge
  5090 | D:5      | Learned a level 4 spell: Airstrike
  5263 | D:5      | Found Waipedic's Fire Supplies.
  5606 | D:5      | Found a blossoming altar of Fedhas.
  5888 | D:6      | Noticed Grinder
  5911 | D:6      | Paralysed by Grinder for 3 turns
  6017 | D:7      | Found a shimmering altar of Xom.
  6080 | D:6      | Reached skill level 9 in Air Magic
  6192 | D:6      | Reached XP level 9. HP: 56/56 MP: 2/19
  6331 | D:6      | Found a basalt altar of Yredelemnul.
  6544 | D:6      | Identified the +12 lajatang of the Skies Above {freeze,
                  | rCorr Str+4 Int-2 SInv}
  6870 | D:6      | Reached skill level 10 in Air Magic
  7030 | D:6      | You are sucked into a shaft and drop 1 floor!
  7100 | D:7      | Found Dairesh's Antique Weapon Emporium.
  7150 | D:6      | Killed Grinder
  7684 | D:7      | Found Sudohucirgh's Assorted Antiques.
  7694 | D:7      | Learned a level 4 spell: Summon Lightning Spire
  7703 | D:7      | Found Ragean's Antique Armour Shop.
  7848 | D:7      | Found Cuxkac's Distillery.
  7856 | D:7      | Bought a potion of heal wounds for 60 gold pieces
  7856 | D:7      | Bought 2 potions of curing for 72 gold pieces
  7856 | D:7      | Bought a potion of curing for 36 gold pieces
  7944 | D:7      | Found an ancient bone altar of Kikubaaqudgha.
  7973 | D:7      | Found an ornate altar of the Wu Jian Council.
  8249 | D:7      | Found a staircase to the Ecumenical Temple.
  8260 | Temple   | Entered the Ecumenical Temple
  8295 | Temple   | Became a worshipper of Vehumet
  8803 | D:8      | Noticed Gastronok
  8839 | D:8      | Killed Gastronok
  8840 | D:8      | Reached skill level 11 in Air Magic
  8840 | D:8      | Reached XP level 10. HP: 40/65 MP: 5/23
  9163 | D:8      | Noticed an obsidian statue
  9172 | D:8      | Noticed an orange demon
  9175 | D:8      | Killed an obsidian statue
  9176 | D:8      | Reached skill level 12 in Air Magic
  9309 | D:8      | Noticed Grum
  9311 | D:8      | Reached skill level 1 in Summonings
  9318 | D:8      | Killed Grum
  9442 | D:8      | Identified the +1 hand axe "Caugaugo" {vamp, rN+ rCorr
                  | Stlth-}
  9457 | D:9      | Noticed a two-headed ogre
  9654 | D:8      | Reached * piety under Vehumet
  9654 | D:8      | Offered knowledge of Sting by Vehumet.
  9740 | D:8      | Learned a level 1 spell: Sting
 10038 | D:8      | Noticed an ice statue
 10043 | D:8      | Killed an ice statue
 10247 | D:8      | Found a stormy altar of Qazlal.
 10720 | D:9      | Killed a two-headed ogre
 10721 | D:9      | Reached XP level 11. HP: 71/71 MP: 11/24
 10791 | D:9      | Found a staircase to the Lair.
 11001 | D:10     | Entered Level 10 of the Dungeon
 11272 | D:9      | Reached skill level 5 in Conjurations
 11311 | D:9      | Noticed a two-headed ogre
 11322 | D:9      | Killed a two-headed ogre
 11571 | D:9      | Offered knowledge of Magic Dart by Vehumet.
 11571 | D:9      | Reached ** piety under Vehumet
 11578 | D:9      | Noticed a centaur warrior
 11762 | D:9      | Killed a centaur warrior
 11763 | D:9      | Reached skill level 5 in Summonings
 12234 | D:10     | Found an iron altar of Okawaru.
 12234 | D:10     | Noticed Psyche
 12240 | D:10     | Killed Psyche
 12241 | D:10     | Reached skill level 10 in Fighting
 12334 | D:10     | Found a staircase to the Orcish Mines.
 12432 | D:10     | Learned a level 1 spell: Magic Dart
 12697 | D:10     | Noticed Joseph
 12705 | D:10     | Killed Joseph
 12990 | D:12     | Noticed a two-headed ogre
 12990 | D:12     | Noticed a cyan ugly thing
 12990 | D:12     | Noticed a harpy
 13112 | D:11     | Noticed a deep elf pyromancer
 13303 | D:11     | Noticed an occultist
 13310 | D:11     | Killed an occultist
 13310 | D:11     | Noticed an occultist
 13311 | D:11     | Reached skill level 10 in Spellcasting
 13311 | D:11     | Reached XP level 12. HP: 79/79 MP: 10/27
 13450 | D:11     | Killed an occultist
 13451 | D:11     | Reached skill level 13 in Air Magic
 13461 | D:11     | Got the Vellum of Ouranomancy and Calefaction
 13471 | D:11     | Learned a level 6 spell: Conjure Ball Lightning
 13487 | D:12     | Noticed Fannar
 13490 | D:12     | Killed Fannar
 13736 | D:11     | Found Kiki Tas's Weapon Boutique.
 13737 | D:11     | Found Sibbe's Distillery.
 13746 | D:11     | Bought a potion of curing for 33 gold pieces
 13746 | D:11     | Bought a potion of curing for 33 gold pieces
 14038 | D:11     | Noticed a two-headed ogre
 14042 | D:11     | Killed a two-headed ogre
 14042 | D:11     | Offered knowledge of Dazzling Flash by Vehumet.
 14047 | D:11     | Learned a level 3 spell: Dazzling Flash
 14331 | Lair:1   | Entered Level 1 of the Lair of Beasts
 14340 | Lair:1   | Noticed a boulder beetle
 14618 | Orc:1    | Entered Level 1 of the Orcish Mines
 14764 | Orc:1    | Noticed a soul eater
 14866 | Orc:1    | Reached *** piety under Vehumet
 15272 | Orc:2    | Entered Level 2 of the Orcish Mines
 15535 | Orc:1    | Offered knowledge of Sticky Flame by Vehumet.
 15802 | Orc:2    | Reached skill level 14 in Air Magic
 16343 | Orc:2    | Reached **** piety under Vehumet
 16487 | Orc:2    | Noticed an orc warlord
 16499 | Orc:2    | Killed an orc warlord
 16499 | Orc:2    | Offered knowledge of Olgreb's Toxic Radiance by Vehumet.
 16500 | Orc:2    | Reached XP level 13. HP: 25/86 MP: 21/29
 16968 | Orc:2    | HP: 3/87 [orc warrior/+0 flail (16)]
 16969 | Orc:2    | Slain by an orc high priest

Illustrated notes

Levels and vault maps discovered:
D:1:      spicycebolla_green_bress_n_ham_2, layout_loops_ring, serial_shops,
          shop, hellmonk_ecumenical_altar_prayer_group
D:2:      layout_basic
D:3:      layout_loops_corners, tgw_sif, mainiacjoe_overflow_two_lobes,
          minivault_25, nicolae_twisty_statue_hallways, uniq_crazy_yiuf_cottage,
          uniq_natasha
D:4:      layout_basic, makhleb_heckhound_becter
D:5:      minmay_angry_zag, layout_cave_pools, old_standard_altar,
          mainiacjoe_overflow_cross_hatched, nicolae_shop_fire_sale
          [nicolae_sub_dead_trees], reono_crystal_passage
D:6:      layout_loops_cross, roadster_capsule_ark_zombie, uniq_grinder
D:7:      layout_loops_ring, mainiacjoe_overflow_catwalk_spiral,
          xom_butterflies, temple_hall, serial_shops, nicolae_lakefront_shop,
          shop, nicolae_shop_gibbet_a_chance, shop
D:8:      minmay_separated_statues, layout_basic,
          mainiacjoe_overflow_small_starburst, enter_bailey_2, minivault_25,
          uniq_gastronok, uniq_grum
D:9:      nzn_winding_woodlands_three_and_one [nzn_winding_woodlands_5x15_twine,
          nzn_winding_woodlands_5x15_sawtooth,
          nzn_winding_woodlands_5x15_default,
          nzn_winding_woodlands_center_lodge], layout_rooms, dpeg_oklobed_lair
D:10:     layout_roguey, okawaru_gym_becter, orc_0_dummy, uniq_joseph,
          uniq_psyche
D:11:     cheibrodos_lost_city_excavation, layout_irregular_city,
          nicolae_wooded_promenade
D:12:     regret_index_malice_mire, layout_gridville, serial_shops, shop,
          uniq_fannar
Temple:   chequers_temple_sunken
Lair:1:   layout_cave_shapes, serial_bayou_shore_b, grunt_megastairs_4,
          lemuel_fruit_tree, serial_bayou_shore_b
Orc:1:    layout_caves
Orc:2:    pubby_orc_utopia

Skill      XL: |  1  2  3  4  5  6  7  8  9 10 11 12 |
---------------+-------------------------------------+-----
Fighting       | 1 2 3 5 6 8 9 10 12 | 12.3
Air Magic      | 5 6 7 9 11 12 14 | 14.8
Spellcasting   | 3 4 5 6 8 10 11 | 11.4
Conjurations   | 4 6 |  6.0
Summonings     | 3 6 |  6.0
Dodging        | |  2.5
Stealth        | |  2.0

Action                     |  1- 3 |  4- 6 |  7- 9 | 10-12 | 13-15 || total
---------------------------+-------+-------+-------+-------+-------++-------
  Melee: Falchion          |    34 |    51 |    32 |       |       ||   117
         Peck              |     5 |     5 |     7 |    16 |     1 ||    34
         Kick              |     6 |    11 |    11 |    29 |       ||    57
         Lajatang          |       |       |    16 |   119 |     9 ||   144
  Throw: Dart              |       |       |       |     2 |       ||     2
   Cast: Shock             |    22 |    67 |   131 |    14 |     1 ||   235
         Airstrike         |       |       |    46 |   113 |     2 ||   161
         Summon Lightning  |       |       |     7 |    42 |     3 ||    52
         Static Discharge  |       |       |     6 |     3 |     2 ||    11
         Swiftness         |       |       |     1 |     1 |       ||     2
         Sting             |       |       |       |    33 |       ||    33
         Dazzling Flash    |       |       |       |     3 |     2 ||     5
         Conjure Ball Ligh |       |       |       |     2 |       ||     2
  Evoke: Wand              |     1 |       |       |     2 |     1 ||     4
    Use: Scroll            |     4 |     9 |     6 |     6 |     3 ||    28
         Potion            |       |     1 |     2 |     5 |     5 ||    13
   Stab: Sleeping          |     4 |     9 |     1 |     1 |       ||    15
         Distracted        |     1 |       |     1 |     1 |     1 ||     4
 Armour: Robe              |    15 |    27 |    21 |    66 |    32 ||   161
         Steam dragon scal |       |       |    50 |    61 |       ||   111
  Dodge: Dodged            |    19 |    51 |   179 |   288 |    54 ||   591
